cohdb
Replays
Latest Replays
All Replays
Popular Replays
Top Player Replays
Match Explorer
How It Works
Community
CoH3 Stats
Reddit
Sign in to upload your games and track your stats! →
Sign in with Steam
Match 39986927
Unlisted
Match 39986927
Overview
Messages
Build Orders
End
Royal Engineer Section
Vickers Machine Gun Team
Construct Section Command Post
Dingo Light Scout Car
Infantry Section
Grenade Package
Construct Platoon Command Post
Selects Canadian Shock Battlegroup
Selects Attacking Spirit
Selects Canadian Shock Section
Construct Field Infirmary
Canadian Shock Section
Unlock M3 Stuart Light Tanks
Selects Incendiary Munitions
Selects Pyrotechnics
M3 Stuart Light Tank
M3 Stuart Light Tank
M3 Stuart Light Tank
Royal Engineer Section
Selects Demolition Engineering
M3 Stuart Light Tank
Royal Engineer Section
Construct Company Command Post
Royal Engineer Section
Unlock M3 Grant Medium Tanks
Foot Guards Section
Selects Point Assault
M3 Grant Medium Tank
Foot Guards Section
Royal Engineer Section
M3 Grant Medium Tank
ßoo
Tactical Nuclear Cow
Howard
LordMaceWick
75642135468
AverageSexGuy
0
0
Comments
sign in to comment!
No comments posted yet!